 Dungeon Crawl Stone Soup version 0.19.1-1-g22dce08 (webtiles) character file.

159 Peloso the Slasher (level 5, 0/45 HPs)
             Began as a Ghoul Gladiator on Dec 30, 2016.
             Slain by an orc priest
             ... wielding a +0 hand axe
              (6 damage)
             ... on level 3 of the Dungeon.
             The game lasted 00:07:18 (2069 turns).

Peloso the Slasher (Ghoul Gladiator)                Turns: 2069, Time: 00:07:19

Health: 0/45       AC: 10    Str: 19    XL:     5   Next: 40%
Magic:  0/4        EV:  8    Int:  3    God:
Gold:   107        SH:  0    Dex: 10    Spells: 0 memorised, 4 levels left

rFire  . . .     SeeInvis .     a - +0 long sword
rCold  + . .     Gourm    .     w - +0 chain mail
rNeg   + + +     Faith    .     (no shield)
rPois  ∞         Spirit   +     c - +0 helmet
rElec  .         Reflect  .     (no cloak)
rCorr  .         Harm     .     (no gloves)
MR     .....                    l - +0 pair of boots
Stlth  ..........               i - amulet of guardian spirit
                                x - ring of loudness (curse)
                                j - +2 ring of slaying

@: rotting
A: rotting body, claws 1, carnivore 3, cold resistance 1, negative energy
resistance 3, slow regeneration 1, torment resistance, unbreathing
a: no special abilities


You were on level 3 of the Dungeon.
You were not hungry.

You visited 1 branch of the dungeon, and saw 3 of its levels.

You collected 107 gold pieces.

Inventory:

Hand Weapons
 a - a +0 long sword (weapon)
Missiles
 d - 3 throwing nets (quivered)
Armour
 b - a +0 leather armour
 c - a +0 helmet (worn)
 l - a +0 pair of boots (worn)
 w - a +0 chain mail (worn)
Jewellery
 i - an amulet of guardian spirit (around neck)
 j - a +2 ring of slaying (left claw)
 x - a cursed ring of loudness (right claw)
Scrolls
 h - 2 scrolls of remove curse {unknown}
 m - a scroll of enchant weapon {unknown}
 p - a scroll of identify {unknown}
 q - a scroll of teleportation {unknown}
 t - a scroll of random uselessness {unknown}
 u - a scroll of immolation {unknown}
Potions
 e - a potion of magic {unknown}
 g - 2 potions of agility {unknown}
 k - a potion of resistance {unknown}
 o - a potion of heal wounds {unknown}
 r - 2 potions of degeneration {unknown}
 v - a potion of curing {unknown}
Comestibles
 f - 3 meat rations
 n - a beef jerky
 s - 3 chunks of flesh


   Skills:
 + Level 3.5 Fighting
 + Level 3.7 Long Blades
 + Level 1.8 Throwing
 + Level 1.8 Armour
 + Level 3.3 Dodging


You had 4 spell levels left.
You didn't know any spells.

Dungeon Overview and Level Annotations

Branches:
Dungeon (3/15)

Altars:
Ru
Vehumet
The Shining One


Innate Abilities, Weirdness & Mutations

Your body is rotting away.
You thrive on raw meat.
You are immune to poison.
You have sharp fingernails.
You are carnivorous and can eat meat at any time.
Your flesh is cold resistant. (rC+)
You are immune to negative energy. (rN+++)
You regenerate slowly when monsters are visible.
You are immune to unholy pain and torment.
You can survive without breathing.


Message History

You hear some strange, mumbled words.
A puff of flame appears from out of thin air!
The puff of flame hits you!
The orc priest begins to cast a cantrip, but forgets the words!
You miss something. Something hits you.
The orc priest invokes the aid of Beogh against you.
Reactivating autopickup.
You feel a bit more experienced.
Unknown command.
Your chain mail prevents you from hitting the orc priest.
The orc priest is almost dead.
The orc priest hits you with a hand axe.
Unknown command.
Your chain mail prevents you from hitting the orc priest.
The orc priest is almost dead.
The orc priest calls down the wrath of Beogh upon you.
Beogh smites you!
* * * LOW HITPOINT WARNING * * *
The orc priest hits you with a hand axe.
You die...

#.#
#.##......#
#.#
#.######.##
#.#
#........#
#.#
##########
#.########
#........#
#.######.#
#.# #@# #o#


oo. ..... ##...## ##.## #.# #.# You could see 2 orc priests and an orc.

Vanquished Creatures
  Robin (D:3)
  3 gnolls (D:3)
  4 adders
  An ooze (D:3)
  2 worms (D:3)
  2 leopard geckos
  2 orcs (D:3)
  2 ball pythons (D:3)
  4 bats
  5 giant cockroaches
  12 goblins
  9 hobgoblins
  4 jackals
  A quokka (D:2)
  2 frilled lizards
  5 kobolds
  5 rats
64 creatures vanquished.

Vanquished Creatures (others)
  An orc wizard (D:3)
1 creature vanquished.

Grand Total: 65 creatures vanquished

Notes
Turn   | Place    | Note
-------+----------+-------------------------------------------
     0 | D:1      | Peloso the Ghoul Gladiator began the quest for the Orb.
     0 | D:1      | Reached XP level 1. HP: 17/17 MP: 0/0
   279 | D:1      | Reached XP level 2. HP: 24/25 MP: 1/1
  1027 | D:2      | Reached XP level 3. HP: 22/30 MP: 2/2
  1071 | D:2      | Found a radiant altar of Vehumet.
  1071 | D:2      | Found a sacrificial altar of Ru.
  1071 | D:2      | Found a glowing golden altar of the Shining One.
  1471 | D:3      | Reached XP level 4. HP: 37/38 MP: 3/3
  1504 | D:3      | Reached skill level 1 in Armour
  1632 | D:3      | Noticed Robin
  1778 | D:3      | Reached XP level 5. HP: 44/45 MP: 4/4
  1802 | D:3      | Killed Robin
  2069 | D:3      | Slain by an orc priest

Skill      XL: |  1  2  3  4 |
---------------+-------------+-----
Long Blades    | 3 |  3.7
Dodging        | 3 |  3.3
Fighting       | 3 |  3.5
Armour         | 1 |  1.8
Throwing       | |  1.8

Action                   |  1- 3 |  4- 6 || total
-------------------------+-------+-------++-------
Melee: Long sword        |    76 |    88 ||   164
  Eat: Chunk             |     8 |    11 ||    19
Armor: Leather armour    |    31 |     2 ||    33
       Chain mail        |       |    97 ||    97
Dodge: Dodged            |    60 |    74 ||   134
       Rpst.: Long sword |    14 |    17 ||    31
